 Dungeon Crawl Stone Soup version 0.24.0-123-gd5b16e6ec5 (webtiles) character file.

Game seed: 5282908136907129910, levelgen mode: deterministic

195 Martska the Chiller (level 5, -2/38 HPs)
             Began as a Merfolk Ice Elementalist on Jan 21, 2020.
             Killed from afar by an orc wizard (7 damage)
             ... with a puff of flame
             ... on level 4 of the Dungeon on Jan 23, 2020.
             The game lasted 00:18:55 (5071 turns).

Martska the Chiller (Merfolk Ice Elementalist)      Turns: 5071, Time: 00:18:56

Health: -2/38      AC:  4    Str:  9    XL:     5   Next: 74%
Magic:  9/9        EV: 13    Int: 14    God:
Gold:   183        SH:  0    Dex: 15    Spells: 8/9 levels left

rFire    . . .     SeeInvis .   s - +0 trident
rCold    . . .     Gourm    .   (no shield)
rNeg     . . .     Faith    .   k - +1 leather armour
rPois    .         Spirit   .   (no helmet)
rElec    .         Reflect  .   (no cloak)
rCorr    .         Harm     .   (no gloves)
MR       .....                  (no boots)
Stlth    ++........             (no amulet)
HPRegen  0.12/turn              (no ring)
MPRegen  0.11/turn              (no ring)

@: no status effects
A: change form in water, swift swim, stealthy swim
a: no special abilities


You were on level 4 of the Dungeon.
You were hungry.

You visited 1 branch of the dungeon, and saw 4 of its levels.

You collected 183 gold pieces.

Inventory:

Hand Weapons
 d - a +0 dagger
 h - a +0 spear
 s - a +0 trident (weapon)
Armour
 a - a +0 robe
 k - a +1 leather armour (worn)
Jewellery
 r - an uncursed ring of stealth {unknown}
Scrolls
 b - a scroll of enchant weapon {unknown}
 c - 2 scrolls of remove curse {unknown}
 g - 3 scrolls of identify {unknown}
 l - a scroll of teleportation {unknown}
 o - a scroll of immolation {unknown}
 p - a scroll of magic mapping {unknown}
Potions
 e - a potion of haste {unknown}
 f - a potion of heal wounds {unknown}
 i - 2 potions of flight {unknown}
 j - 2 potions of agility {unknown}
 m - 3 potions of curing
 q - a potion of lignification {unknown}
Comestibles
 n - 5 rations


   Skills:
 * Level 2.1 Fighting
 * Level 2.7 Polearms
 * Level 4.0 Dodging
 - Level 3.0 Stealth
 * Level 2.9 Spellcasting
   Level 0.7 Conjurations
 * Level 4.2 Ice Magic


You had 8 spell levels left.
You knew the following spells:

 Your Spells              Type           Power        Failure   Level  Hunger
a - Freeze                Ice            ##..         5%          1    #......

Your spell library contained the following spells:

 Spells                   Type           Power        Failure   Level  Hunger
 Throw Frost              Conj/Ice       #.....       17%         2    ##.....
 Ozocubu's Armour         Chrm/Ice       #.......     36%         3    ###....
 Throw Icicle             Conj/Ice       #.......     73%         4    #####..
 Summon Ice Beast         Ice/Summ       #.......     77%         4    #####..


Dungeon Overview and Level Annotations

Branches:
Dungeon (4/15)
 Temple: D:4-7

Altars:
Ashenzari
Dithmenos
Hepliaklqana
Qazlal

Shops:
D:4 (

Annotations:
D:2 2 transporters


Message History

Found an escape hatch in the ceiling.
The orc wizard casts a spell at you. The magic dart hits you.
The orc wizard casts a spell at you. The puff of flame hits you.
You open the door. The orc wizard misses you.
There is an open door here.
The orc wizard hits you with a +0 dagger.
The orc wizard casts a spell at you. The magic dart hits you!
The orc wizard looks braver for a moment.
The orc wizard gestures at you while chanting.
The puff of frost hits you.
* * * LOW HITPOINT WARNING * * *
The orc wizard gestures at you while chanting.
The puff of flame hits you.
* * * LOW HITPOINT WARNING * * *
The orc wizard gestures at you while chanting.
The puff of flame hits you!
You die...

#+###................#####...#...
####......####.......#...#...
#......#..#.......#...#...
#......#..#.......#...#...
#......#..#.......#...'...
#......#..'.......#'###...
#...≈≈≈#..#...............
.....#≈≈≈≈≈..########..>...(.
.....#≈≈∩...@..o..o.'........
.... #≈≈≈≈≈.........#........
.... #.≈≈≈..........#........ ...
#..............#...o....
########+#######........
......###'## .......#...w.
.......#..... .......#.....


You could see an orc wizard and an orc.

Vanquished Creatures
  Terence (D:3)
  A worker ant (D:2)
  Natasha (D:3)
  3 adders
  2 worms (D:2)
  7 dart slugs
  2 leopard geckos (D:3)
  An orc (D:3)
  4 giant cockroaches
  7 goblins
  4 hobgoblins
  5 jackals (D:2)
  A quokka (D:2)
  A ball python (D:2)
  11 bats
  6 frilled lizards
  14 kobolds
  5 rats
76 creatures vanquished.

Notes
Turn   | Place    | Note
-------+----------+-------------------------------------------
     0 | D:1      | Martska the Merfolk Ice Elementalist began the quest for
                  | the Orb.
     0 | D:1      | Reached XP level 1. HP: 13/13 MP: 3/3
   458 | D:1      | Reached XP level 2. HP: 4/19 MP: 0/5
  1322 | D:1      | Reached XP level 3. HP: 10/25 MP: 0/6
  1653 | D:1      | Reached skill level 1 in Fighting
  2540 | D:2      | Reached XP level 4. HP: 32/32 MP: 5/7
  2554 | D:2      | Reached skill level 1 in Polearms
  2746 | D:2      | Found a transporter.
  2749 | D:2      | Found a hazy altar of Hepliaklqana.
  2751 | D:2      | Noticed an ogre
  2753 | D:2      | Noticed an ogre
  2754 | D:2      | Found a transporter.
  2761 | D:2      | Found a stormy altar of Qazlal.
  3355 | D:2      | Reached XP level 5. HP: 35/38 MP: 3/9
  4102 | D:3      | Noticed Terence
  4124 | D:3      | Killed Terence
  4691 | D:3      | Found a shattered altar of Ashenzari.
  4692 | D:3      | Noticed Natasha
  4700 | D:3      | Killed Natasha
  4905 | D:3      | Found a shadowy altar of Dithmenos.
  4981 | D:4      | Found Facliwidd's Antique Weapon Boutique.
  5071 | D:4      | Killed from afar by an orc wizard

Levels and vault maps discovered:
D:1:      lemuel_arrival_rhombus, layout_basic
D:2:      layout_basic, gammafunk_temple_overflow_arena,
          overflow_temple_1_default, first_ration, minmay_quantized
D:3:      layout_rooms, overflow_temple_1_default, old_standard_altar,
          grunt_decor_cap, uniq_terence, uniq_natasha
D:4:      layout_gridville, serial_shops, nicolae_shop_waterfront,
          kennysheep_generic_room_10

Skill      XL: |  1  2  3  4  5 |
---------------+----------------+-----
Dodging        | 3 4 |  4.0
Fighting       | 1 2 |  2.1
Polearms       | 1 2 |  2.7
Ice Magic      | 4 |  4.2
Stealth        | 3 |  3.0
Spellcasting   | |  2.9
Conjurations   | |  0.7

Action                   |  1- 3 |  4- 6 || total
-------------------------+-------+-------++-------
Melee: Dagger            |    31 |       ||    31
       Spear             |    49 |   149 ||   198
       Trident           |       |    12 ||    12
 Cast: Freeze            |    50 |    40 ||    90
  Use: Potion            |       |     2 ||     2
       Scroll            |       |     1 ||     1
 Stab: Sleeping          |     5 |       ||     5
  Eat: Ration            |     2 |     2 ||     4
Armor: Robe              |    25 |       ||    25
       Leather armour    |     6 |    57 ||    63
Dodge: Dodged            |   106 |   175 ||   281
